 Dungeon Crawl Stone Soup version 0.28-a0-529-g3bad584f25 (webtiles) character file.

Game seed: 1004820688285946450

6866 omnomnOMINOUS the Destroyer (level 11, -2/77 HPs)
             Began as an Octopode Wanderer on Sept 24, 2021.
             Was a High Priest of the Shining One.
             Slain by a flying skull (3 damage)
             ... on level 1 of the Abyss.
             The game lasted 00:55:05 (15557 turns).

omnomnOMINOUS the Destroyer (Octopode Wanderer)    Turns: 15557, Time: 00:55:06

Health: -2/77      AC:  1    Str: 15    XL:     11   Next: 6%
Magic:  6/24       EV: 16    Int: 19    God:    the Shining One [*****.]
Gold:   19         SH:  0    Dex: 13    Spells: 9/14 levels left

rFire   . . .      SeeInvis .   b - +2 short sword (speed)
rCold   . . .      Faith    +   (no shield)
rNeg    + + .      Spirit   .   (helmet restricted)
rPois   .          Reflect  .   G - amulet of faith
rElec   .          Harm     .   q - ring of magical power
rCorr   +          Rampage  .   v - +6 ring of strength
Will    .....                   s - ring of resist corrosion
Stlth   +.........              (no ring)
HPRegen 0.22/turn               (no ring)
MPRegen 0.19/turn               (no ring)
                                (no ring)
                                (no ring)

@: confused, about to teleport, ambrosia-drunk, glowing
A: almost no armour, amphibious, 8 rings, camouflage 1, gelatinous body 1,
(nimble swimmer 1), tentacles, antennae 1, high mp 1, sense surroundings 1
a: Renounce Religion, Divine Shield, Cleansing Flame, Summon Divine Warrior


You were on level 1 of the Abyss.
You worshipped the Shining One.
The Shining One was extremely pleased with you.
You visited 2 branches of the dungeon, and saw 10 of its levels.
You visited the Abyss 1 time.
You also visited: Sewer and Ossuary.

You collected 539 gold pieces.
You spent 520 gold pieces at shops.

Inventory:

Hand Weapons
 b - a +2 short sword of speed (weapon)
 d - a +0 hand axe of electrocution
 e - a +0 hunting sling of freezing
 f - a +2 spectral club
 k - a +0 whip of freezing
Magical Staves
 a - a staff of fire
 c - a staff of conjuration
Jewellery
 m - a ring of ice
 q - a ring of magical power (left tentacle)
 s - a ring of resist corrosion (on tentacle)
 v - a +6 ring of strength (right tentacle)
 G - an amulet of faith (around mantle)
Wands
 u - a wand of charming (8)
Scrolls
 g - a scroll of teleportation
 i - a scroll of brand weapon {unknown}
 j - a scroll of blinking
 l - 2 scrolls of fear
 p - a scroll of noise {unknown}
 r - a scroll of acquirement {unknown}
 t - a scroll of enchant armour {unknown}
 y - 2 scrolls of fog {unknown}
 z - 2 scrolls of amnesia {unknown}
 A - a scroll of silence {unknown}
 B - a scroll of enchant weapon {unknown}
 C - a scroll of immolation {unknown}
 D - 2 scrolls of magic mapping
Potions
 h - 3 potions of curing
 n - 4 potions of flight
 w - 2 potions of haste
 x - 5 potions of mutation
 E - 2 potions of lignification {unknown}
 F - 3 potions of cancellation {unknown}


   Skills:
 + Level 8.2 Fighting
 + Level 8.2 Dodging
 - Level 1.3 Stealth
 - Level 1.0 Shields
 - Level 2.0 Spellcasting
 + Level 8.5 Conjurations
 - Level 8.0 Fire Magic
 - Level 2.0 Ice Magic
 - Level 1.0 Earth Magic
 - Level 2.4 Poison Magic
 + Level 1.7 Invocations


You had 9 spell levels left.
You knew the following spells:

 Your Spells              Type           Power      Damage    Failure   Level
a - Foxfire               Conj/Fire      100%       2x1d9     1%          1
b - Sticky Flame          Conj/Fire      33%        2d5       5%          4

Your spell library contained the following spells:

 Spells                   Type           Power      Damage    Failure   Level
 Conjure Flame            Conj/Fire      33%        6-21      1%          3
 Static Discharge         Conj/Air       18%        N/A       4%          2
 Freeze                   Ice            36%        1d6       8%          1
 Inner Flame              Hex/Fire       17%        N/A       10%         3
 Ignite Poison            Fire/Tmut/Pois 15%        N/A       12%         3
 Frozen Ramparts          Ice            18%        1d3       22%         3
 Slow                     Hex            1%         N/A       26%         2
 Confusing Touch          Hex            1%         N/A       45%         3
 Summon Guardian Golem    Hex/Summ       1%         N/A       45%         3
 Vampiric Draining        Necr           0%         2d6       45%         3
 Lightning Bolt           Conj/Air       9%         1d21      63%         5
 Animate Dead             Necr           0%         N/A       86%         4
 Cause Fear               Hex            0%         N/A       86%         4
 Orb of Destruction       Conj           17%        9d8       99%         7
 Haunt                    Necr/Summ      0%         N/A       100%        7
 Spellforged Servitor     Conj/Summ      9%         N/A       100%        7
 Discord                  Hex            0%         N/A       100%        8
 Infestation              Necr           0%         N/A       100%        8
 Maxwell's Capacitive Co  Air            0%         ∞         100%        8


Dungeon Overview and Level Annotations

Branches:
Dungeon (9/15)             Temple (1/1) D:4           Sewer (visited)
Ossuary (visited)
   Lair: D:8-11         Orc: D:9-12

Altars:
Ashenzari
Cheibriados
Dithmenos
Elyvilon
Fedhas
Gozag
Hepliaklqana
Kikubaaqudgha
Makhleb
Okawaru
Qazlal
Ru
Sif Muna
Trog
Uskayaw
Vehumet
Wu Jian
Yredelemnul
Zin
The Shining One

Shops:
D:3 =   D:4 *   D:5 *   D:6 [

Annotations:
D:9 Erolcha, Harold


Innate Abilities, Weirdness & Mutations

You cannot wear most types of armour.
You are amphibious.
You can wear up to eight rings at the same time.
Your skin changes colour to match your surroundings (Stealth+).
Your rubbery body absorbs attacks. (AC +1, EV +1)
((You are camouflaged near water. (Stealth+)))
You have tentacles for arms and can constrict up to eight enemies at once.
You have a pair of small antennae on your head.
You have an increased reservoir of magic. (+10% MP)
You passively map a small area around you.


Message History

The floor.
Okay, then.
Unknown command.
A large abomination comes into view.
Cornered, the fire bat turns to fight!
The flying skull hits you!
* * * LOW HITPOINT WARNING * * *
The flying skull barely misses you. The flying skull misses you.
The fire bat closely misses you.
Unknown command.
The golden flame engulfs you but does no damage.
You resist.
The golden flame engulfs the flying skull.
The flying skull writhes in agony!
The flying skull is heavily damaged.
The golden flame engulfs the fire bat!
You kill the fire bat!
The golden flame engulfs the fire bat!!
You kill the fire bat!
The golden flame engulfs the flying skull!
The flying skull writhes in agony!
The flying skull is heavily damaged.
The golden flame engulfs the flying skull!
The flying skull writhes in agony!
The flying skull is severely damaged.
The golden flame engulfs the flying skull.
The flying skull writhes in agony!
The flying skull is lightly damaged.
The ufetubus shouts!
The flying skull hits you but does no damage.
The flying skull barely misses you.
Training target 8.0 for Fire Magic reached!
Your Fire Magic skill increases to level 8!
Unknown command.
You are confused.
You feel invigorated. The flying skull misses you. The flying skull hits you!
* * * LOW HITPOINT WARNING * * *
The flying skull closely misses you. x2; The flying skull hits you!
* * * LOW HITPOINT WARNING * * *
The flying skull hits you.
You die...

......b...
##..♣#♣#.#.
..........
♣......♣ #
♣..#.#.♣♣..
♣♣..♣.♣....
##♣♣X..#..♣
#.......♣♣ .
#.z@♣♣.♣....
#.zzz..#...#
##......#...
#..#.##.#...
#......... .
#...... .#.#
5).∩.#....X#
§§§#..#......
....#.#..#####


You could see a large abomination, 4 flying skulls and an ufetubus.

Vanquished Creatures
  Pikel (D:4)
  Maurice (D:9)
  Psyche (D:9)
  A kobold demonologist (D:8)
  An unseen horror (D:9)
  2 trolls
  An ancient zyme (Abyss:1)
  Grinder (D:6)
  A flying skull (Abyss:1)
  A shadow (D:9)
  A wraith (D:7)
  A steam dragon (D:7)
  2 fire bats (Abyss:1)
  Duvessa (D:4)
  5 water moccasins
  A hornet zombie (D:8)
  3 ice beasts
  A sky beast (D:5)
  An ogre (D:5)
  2 centaurs (D:8)
  3 lemures (D:4)
  A phantom (D:5)
  A kobold brigand (D:8)
  An elf zombie (Ossuary)
  A wyvern zombie (D:5)
  2 scorpions
  Dowan (D:4)
  A water moccasin skeleton (D:5)
  4 killer bees
  2 electric eels (D:6)
  10 centaur zombies
  3 bullfrog zombies
  3 hounds
  A bullfrog skeleton (D:6)
  A centaur skeleton (D:7)
  A gnoll shaman (D:4)
  A jelly (D:6)
  Jessica (D:3)
  Natasha (thrice) (D:2)
  Terence (D:2)
  An orc wizard (D:3)
  2 killer bee zombies
  A hound skeleton (D:3)
  2 mummies (Ossuary)
  4 howler monkey zombies
  8 gnolls (D:4)
  A howler monkey skeleton (D:7)
  9 adders
  A worm zombie (D:8)
  2 adder zombies (Ossuary)
  3 worms
  4 dart slugs
  13 orcs
  13 ball pythons
  4 bats
  3 endoplasms
  4 goblins
  9 hobgoblins
  8 jackals
  12 kobolds
  3 quokkas
  4 frilled lizards
  3 goblin zombies (Ossuary)
  9 hobgoblin zombies (Ossuary)
  3 jackal zombies
  8 kobold zombies (Ossuary)
  9 orc zombies (Ossuary)
  5 rats
  2 rat zombies (Ossuary)
221 creatures vanquished.

Vanquished Creatures (collateral kills)
  A foxfire (D:6)
1 creature vanquished.

Vanquished Creatures (others)
  A goblin (D:2)
  657 foxfires
  4 plants (D:6)
662 creatures vanquished.

Grand Total: 884 creatures vanquished

Notes
Turn   | Place    | Note
-------+----------+-------------------------------------------
     0 | D:1      | omnomnOMINOUS the Octopode Wanderer began the quest for the
                  | Orb.
     0 | D:1      | omnomnOMINOUS set off with the following items: a +2
                  | dagger, a scroll of blinking; and the following spells
                  | available to memorise: Freeze, Foxfire, Frozen Ramparts,
                  | Conjure Flame
     0 | D:1      | Reached XP level 1. HP: 11/11 MP: 3/3
   139 | D:1      | Learned a level 1 spell: Foxfire
   525 | D:1      | Reached skill level 1 in Conjurations
   525 | D:1      | Reached XP level 2. HP: 18/18 MP: 5/5
   991 | D:1      | Reached skill level 1 in Fighting
  1210 | D:2      | Reached skill level 1 in Dodging
  1210 | D:2      | Reached XP level 3. HP: 23/23 MP: 6/6
  1216 | D:2      | Noticed Terence
  1409 | D:2      | Noticed Natasha
  1519 | D:2      | Killed Natasha
  1713 | D:2      | Reached XP level 4. HP: 28/28 MP: 7/7
  2088 | D:2      | Noticed Natasha
  2095 | D:2      | Killed Natasha
  2264 | D:2      | You fall into a shaft and drop 2 floors!
  2474 | D:3      | Reached XP level 5. HP: 29/34 MP: 8/8
  2515 | D:3      | Gained mutation: You are partially covered in iridescent
                  | scales. (AC +2) [potion of mutation]
  2515 | D:3      | Gained mutation: Your body sometimes deteriorates upon
                  | taking damage. [potion of mutation]
  2515 | D:3      | Gained mutation: You have a pair of small antennae on your
                  | head. [potion of mutation]
  2515 | D:3      | Gained mutation: You have an increased reservoir of magic.
                  | (+10% MP) [potion of mutation]
  2896 | D:2      | Noticed Natasha
  2905 | D:2      | Killed Natasha
  3023 | D:2      | Killed Terence
  3027 | D:2      | Lost mutation: You are partially covered in iridescent
                  | scales. (AC +2) [potion of mutation]
  3027 | D:2      | Lost mutation: Your body sometimes deteriorates upon taking
                  | damage. [potion of mutation]
  3027 | D:2      | Gained mutation: You passively map a small area around you.
                  | [potion of mutation]
  3806 | D:3      | Reached XP level 6. HP: 32/41 MP: 9/9
  3809 | D:3      | Found Jawanue's Jewellery Boutique.
  3824 | D:3      | Learned a level 4 spell: Sticky Flame
  4082 | D:3      | Noticed Jessica
  4086 | D:3      | Killed Jessica
  4420 | D:4      | Found a staircase to the Ecumenical Temple.
  4450 | D:4      | Noticed Pikel
  4938 | Temple   | Entered the Ecumenical Temple
  5156 | Temple   | Became a worshipper of the Shining One
  5648 | D:4      | Found Wigaes's General Store.
  5654 | D:4      | Noticed Duvessa
  5679 | D:4      | Noticed Dowan
  5682 | D:4      | Killed Duvessa
  5683 | D:4      | Reached XP level 7. HP: 43/46 MP: 10/11
  5690 | D:4      | Killed Dowan
  6687 | D:4      | Killed Pikel
  6688 | D:4      | Reached skill level 5 in Conjurations
  6688 | D:4      | Reached XP level 8. HP: 33/54 MP: 12/12
  7041 | D:5      | Entered Level 5 of the Dungeon
  7163 | D:5      | Found an ornate altar of the Wu Jian Council.
  7163 | D:5      | Found a radiant altar of Vehumet.
  7417 | D:5      | Found a sacrificial altar of Ru.
  7638 | D:5      | Found Wosoa's General Store.
  7729 | D:5      | Reached skill level 5 in Fighting
  7729 | D:5      | Reached skill level 5 in Dodging
  7909 | D:5      | Reached skill level 5 in Fire Magic
  7909 | D:5      | Reached XP level 9. HP: 61/61 MP: 13/13
  8732 | D:6      | Found Oroufyno's Antique Armour Emporium.
  8756 | D:6      | Reached * piety under the Shining One
  8815 | D:6      | Found a glowing drain.
  8828 | Sewer    | Entered a sewer
  8985 | D:6      | Noticed Grinder
  9010 | D:6      | Killed Grinder
 10736 | D:7      | Noticed a troll
 11027 | D:7      | Found a snail-covered altar of Cheibriados.
 11099 | D:7      | Reached XP level 10. HP: 55/69 MP: 14/14
 11262 | D:7      | Reached ** piety under the Shining One
 12044 | D:8      | Noticed a kobold demonologist
 12289 | D:8      | Killed a kobold demonologist
 12333 | D:8      | Found a sand-covered staircase.
 12348 | Ossuary  | Entered an ossuary
 12471 | Ossuary  | Reached *** piety under the Shining One
 12539 | Ossuary  | Reached **** piety under the Shining One
 13765 | D:9      | Noticed Psyche
 13787 | D:9      | Killed Psyche
 13960 | D:9      | Noticed Maurice
 13970 | D:9      | Noticed an unseen horror
 13978 | D:9      | Killed Maurice
 14247 | D:9      | Killed an unseen horror
 14401 | D:9      | Found a basalt altar of Yredelemnul.
 14772 | D:9      | Reached ***** piety under the Shining One
 14922 | D:3      | Bought an amulet of faith for 520 gold pieces
 15054 | D:9      | Noticed Harold
 15237 | D:9      | Noticed Erolcha
 15425 | D:9      | Cast into level 1 of the Abyss (Erolcha)
 15425 | Abyss:1  | Found a corrupted altar of Lugonu.
 15492 | Abyss:1  | Reached skill level 1 in Invocations
 15547 | Abyss:1  | Found a corrupted altar of Lugonu.
 15553 | Abyss:1  | Reached XP level 11. HP: 34/77 MP: 6/15
 15553 | Abyss:1  | Noticed a large abomination
 15555 | Abyss:1  | Noticed a large abomination
 15557 | Abyss:1  | HP: 1/77 [flying skull (9)]
 15557 | Abyss:1  | Slain by a flying skull

Illustrated notes

Levels and vault maps discovered:
D:1:      evilmike_arrival_rings, layout_basic
D:2:      layout_basic, uniq_natasha, uniq_terence
D:3:      layout_rooms, serial_shops, shop_statue, minmay_quantized,
          uniq_jessica
D:4:      kennysheep_big_flooded_room, layout_basic,
          minmay_temple_entry_junction_2, serial_shops,
          nicolae_shop_behind_doors, uniq_pikel, uniq_duvessa
D:5:      layout_layer_cave, hangedman_ru_absence,
          mainiacjoe_overflow_large_starburst, serial_shops,
          kennysheep_little_box, minmay_misc_feat_secret_circle,
          minmay_misc_feat_tiny
D:6:      layout_loops_cross, portal_sewer_entry_d, serial_shops, shop,
          chequers_big_river, uniq_grinder
D:7:      layout_rooms, lemuel_round_altar, serial_curves, eino_curves_03,
          eino_curves_02
D:8:      layout_cave_pools, enter_ossuary_3
D:9:      minmay_angry_zag, layout_grid_maze, nicolae_yredelemnul_corpse_copse,
          minmay_statues_item, nicolae_shop_overcharged_wands, uniq_erolcha,
          uniq_psyche, uniq_maurice, uniq_harold
Temple:   regret_index_temple_generic_petals
Abyss:1:  base:
D:4

Skill      XL: |  1  2  3  4  5  6  7  8  9 10 11 |
---------------+----------------------------------+-----
Conjurations   | 1 2 3 4 5 7 8 |  8.5
Fighting       | 1 2 3 4 5 6 8 |  8.2
Dodging        | 1 2 3 4 5 6 8 |  8.2
Fire Magic     | 2 4 5 6 7 8 |  8.0
Invocations    | 1 |  1.7
Stealth        | |  1.3
Shields        | |  1.0
Spellcasting   | |  2.0
Ice Magic      | |  2.0
Earth Magic    | |  1.0
Poison Magic   | |  2.4

Action                   |  1- 3 |  4- 6 |  7- 9 | 10-12 || total
-------------------------+-------+-------+-------+-------++-------
Melee: Dagger            |    18 |       |       |       ||    18
       Constrict         |    10 |    21 |    12 |     1 ||    44
       Staff             |    13 |     9 |       |     4 ||    26
       Tentacles         |     3 |     9 |    13 |     1 ||    26
       Short sword       |       |    61 |    61 |     7 ||   129
 Cast: Foxfire           |    28 |    84 |   155 |   137 ||   404
       Sticky Flame      |       |     1 |     3 |    56 ||    60
Invok: Cleansing Flame   |       |       |       |     2 ||     2
Evoke: Wand              |       |       |       |     1 ||     1
  Use: Potion            |       |     4 |     2 |     4 ||    10
       Scroll            |       |     5 |     5 |     7 ||    17
 Stab: Sleeping          |     3 |     1 |       |       ||     4
Armor: Skin              |     8 |     6 |     9 |    11 ||    34
Dodge: Dodged            |    16 |    45 |    92 |   144 ||   297

Table legend: (Time is in decaauts)
 A = Elapsed time spent in this place.
 B = Non-inter-level travel time spent in this place.
 C = Inter-level travel time spent in this place.
 D = Time resting spent in this place.
 E = Time spent auto-exploring this place.
 F = Levels seen in this place.
 G = Mean time per level.
                   A        B        C        D        E       F      G
               +--------+--------+--------+--------+--------+-----+--------+
         Total |  15496 |  14819 |    677 |   5568 |   6412 |  13 | 1192.0 |
       Dungeon |  14453 |  13837 |    616 |   5439 |   5919 |   9 | 1605.9 |
        Temple |    259 |    198 |     61 |      0 |    194 |   1 |  259.0 |
         Abyss |    130 |    130 |      0 |     50 |     58 |   1 |  130.0 |
         Sewer |    132 |    132 |      0 |      8 |     74 |   1 |  132.0 |
       Ossuary |    520 |    520 |      0 |     71 |    167 |   1 |  520.0 |
               +--------+--------+--------+--------+--------+-----+--------+

Top non-repeatable levels by time:
     D:4: 2124 daAuts
     D:6: 1985 daAuts
     D:2: 1740 daAuts
     D:5: 1687 daAuts
     D:3: 1603 daAuts
     D:7: 1445 daAuts
     D:8: 1400 daAuts
     D:1: 1379 daAuts
     D:9: 1087 daAuts
 Ossuary: 520 daAuts
  Temple: 259 daAuts
   Sewer: 132 daAuts
 Abyss:1: 130 daAuts
